 Dungeon Crawl Stone Soup version 0.28.0-43-g3370ac3207 (webtiles) character file.

Game seed: 739307026291987429

172 Zeld the Gusty (level 5, 0/28 HPs)
             Began as a Tengu Air Elementalist on Mar 29, 2022.
             Killed by their own static electricity (3 damage)
             ... on level 3 of the Dungeon.
             The game lasted 00:03:16 (4250 turns).

Zeld the Gusty (Tengu Air Elementalist)             Turns: 4250, Time: 00:03:17

Health: 0/28       AC:  2    Str:  9    XL:     5   Next: 53%
Magic:  0/10       EV: 15    Int: 17    God:
Gold:   207        SH:  0    Dex: 14    Spells: 0/10 levels left

rFire   . . .      SeeInvis .   (no weapon)
rCold   . . .      Faith    .   (no shield)
rNeg    . . .      Spirit   .   a - +0 robe
rPois   .          Reflect  .   (helmet restricted)
rElec   .          Harm     .   (no cloak)
rCorr   .          Rampage  .   (no gloves)
Will    .....                   (boots unavailable)
Stlth   ++........              (no amulet)
HPRegen 0.09/turn               (no ring)
MPRegen 0.12/turn               (no ring)

@: flying quickly and evasively, quick
A: beak, talons 3, nimble flight
a: no special abilities


You were on level 3 of the Dungeon.
You visited 1 branch of the dungeon, and saw 4 of its levels.

You collected 235 gold pieces.
You spent 28 gold pieces at shops.

Inventory:

Armour
 a - a +0 robe (worn)
Scrolls
 c - a scroll of amnesia
 h - a scroll of enchant armour
Potions
 b - a potion of berserk rage {unknown}
 d - a potion of degeneration {unknown}
 f - a potion of curing {unknown}
 g - a potion of heal wounds {unknown}
 j - a potion of mutation {unknown}
 k - a potion of lignification {unknown}


   Skills:
 + Level 2.9 Dodging
 + Level 2.8 Stealth
 * Level 3.2 Spellcasting
 + Level 2.8 Conjurations
 * Level 5.4 Air Magic


You couldn't memorise any spells.
You knew the following spells:

 Your Spells              Type           Power      Damage    Failure   Level
a - Shock                 Conj/Air       64%        1d7       3%          1
b - Static Discharge      Conj/Air       16%        N/A       4%          2
c - Swiftness             Air            21%        N/A       5%          3
d - Airstrike             Air            10%        N/A       19%         4

Your spell library contained the following spells:

 Spells                   Type           Power      Damage    Failure   Level


Dungeon Overview and Level Annotations

Branches:
Dungeon (4/15)
 Temple: D:4-7

Altars:
Ashenzari
Fedhas

Shops:
D:1 ?   D:3 (

Annotations:
D:3 3 runed translucent doors, SethGStewart's ghost, amateur MiBe


Innate Abilities, Weirdness & Mutations

You have a beak for a mouth.
You have claws for feet.
Your magical nature lets you fly swiftly and evasively.


Message History

Aiming: Shock (safe; 3% risk of failure)
Press: ? - help, Shift-Dir - straight line, f/p - hound
Aim: a hound (lightly wounded, 60% to hit)
The zap hits the hound.
The hound is moderately wounded.
The hound misses you.
Unknown command.
Casting: Shock (safe; 3% risk of failure)
Confirm with . or Enter, or press ? or * to list all spells.
Aiming: Shock (safe; 3% risk of failure)
Press: ? - help, Shift-Dir - straight line, f/p - hound
Aim: a hound (moderately wounded, 60% to hit)
The zap hits the hound.
The hound is heavily wounded.
The hound bites you.
* * * LOW HITPOINT WARNING * * *
The hound bites you.
* * * LOW HITPOINT WARNING * * *
Casting: Shock (safe; 3% risk of failure)
Confirm with . or Enter, or press ? or * to list all spells.
Aiming: Shock (safe; 3% risk of failure)
Press: ? - help, Shift-Dir - straight line, f/p - hound
Aim: a hound (heavily wounded, 60% to hit)
The zap hits the hound.
The hound is heavily wounded.
The hound barely misses you.
Casting: Shock (safe; 3% risk of failure)
Confirm with . or Enter, or press ? or * to list all spells.
The hound is struck by an arc of lightning.
The hound is almost dead.
You are struck by an arc of lightning.
* * * LOW HITPOINT WARNING * * *
The lightning grounds out.
The hound closely misses you. The hound barely misses you.
Casting: Static Discharge (safe; 4% risk of failure)
Confirm with . or Enter, or press ? or * to list all spells.
The hound is struck by an arc of lightning.
You kill the hound!
You are struck by an arc of lightning.
You die...

#.##.........#####
#.##..............
#.####'########### #######
#.####.# ......# #....#.#
......# ####.#.# ......#
##########....# ......#
#...........###
......###....>.†@..>#
....................#
....................#
.............#####..#
.............## #..# ####
..............# #..# #...
....####......####..#######
#(.. ....#
#..................# #..♣
##'###########............#
#(..


There were no monsters in sight!

Vanquished Creatures
  A hound (D:3)
  A jelly (D:4)
  An orc priest (D:3)
  5 adders
  An adder skeleton (D:4)
  3 worms
  A dart slug (D:2)
  3 orcs (D:3)
  7 ball pythons
  2 endoplasms
  3 giant cockroaches
  2 goblins
  5 hobgoblins
  4 kobolds
  3 quokkas
  3 bats
  6 frilled lizards
  7 rats
58 creatures vanquished.

Notes
Turn   | Place    | Note
-------+----------+-------------------------------------------
     0 | D:1      | Zeld the Tengu Air Elementalist began the quest for the
                  | Orb.
     0 | D:1      | Reached XP level 1. HP: 10/10 MP: 4/4
   291 | D:1      | Found Etwyry's Magic Scroll Emporium.
   354 | D:1      | Reached XP level 2. HP: 9/15 MP: 1/6
  1113 | D:1      | Reached XP level 3. HP: 19/19 MP: 2/7
  1116 | D:1      | Learned a level 2 spell: Static Discharge
  1120 | D:1      | Learned a level 3 spell: Swiftness
  2483 | D:1      | Bought a scroll of identify for 28 gold pieces
  2547 | D:3      | Reached XP level 4. HP: 20/24 MP: 1/9
  2680 | D:3      | Found Moolerah's Weapon Shoppe.
  3013 | D:3      | Found a blossoming altar of Fedhas.
  3032 | D:3      | Reached skill level 5 in Air Magic
  3229 | D:3      | Gained mutation: Your magical nature lets you fly swiftly
                  | and evasively. [Tengu growth]
  3229 | D:3      | Reached XP level 5. HP: 27/28 MP: 6/10
  3503 | D:3      | Found a runed translucent gate.
  3509 | D:3      | Learned a level 4 spell: Airstrike
  3509 | D:3      | Found a runed translucent gate.
  3509 | D:3      | Found a runed translucent gate.
  3512 | D:3      | Noticed SethGStewart's ghost (amateur MiBe)
  4225 | D:4      | Found a broken altar of Ashenzari.
  4250 | D:3      | Killed from afar by themself

Illustrated notes

Levels and vault maps discovered:
D:1:      dpeg_arrival_three_same_balls, layout_loops_ring, serial_shops, shop,
          minmay_close_crescents
D:2:      layout_basic, serial_corexii_hall, chequers_hall_statues_y,
          corexii_hall_statues_i, chequers_hall_statues_y
D:3:      layout_basic, amcnicky_altar_gilded, ebering_ghost_rock_garden,
          serial_shops, shop
D:4:      layout_loops_ring, grunt_qazlal_clouds, elyvilon_altar_4,
          mainiacjoe_overflow_big_doors, uniq_blork_the_orc

Skill      XL: |  1  2  3  4 |
---------------+-------------+-----
Conjurations   | 2 |  2.8
Air Magic      | 5 |  5.4
Spellcasting   | 3 |  3.2
Dodging        | |  2.9
Stealth        | |  2.8

Action                   |  1- 3 |  4- 6 || total
-------------------------+-------+-------++-------
Melee: Unarmed           |    11 |    10 ||    21
       Kick              |     3 |     1 ||     4
       Peck              |     1 |     2 ||     3
       Punch             |       |     1 ||     1
 Cast: Shock             |    88 |    59 ||   147
       Static Discharge  |       |     1 ||     1
  Use: Scroll            |       |     3 ||     3
Armor: Robe              |     4 |     4 ||     8
Dodge: Dodged            |    15 |    34 ||    49
